 Dungeon Crawl Stone Soup version 0.30-a0-634-g8abc85282e (console) character file.

Game seed: 282878681522417483

1 utis the Magician (level 1, 14/14 HPs)
             Began as an Armataur Hedge Wizard on Jan 14, 2023.
             Quit the game on level 1 of the Dungeon.
             The game lasted 00:01:52 (65 turns).

utis the Magician (Armataur Hedge Wizard)             Turns: 65, Time: 00:01:53

Health: 14/14      AC:  4    Str: 15    XL:     1   Next: 16%
Magic:  4/4        EV:  9    Int: 14    God:
Gold:   0          SH:  0    Dex:  9    Spells: 4/5 levels left

rFire   . . .      SeeInvis .    a - +0 dagger
rCold   . . .      Faith    .    (no shield)
rNeg    . . .      Spirit   .    b - +0 robe
rPois   .          Reflect  .    c - +0 hat
rElec   .          Harm     .    (no cloak)
rCorr   .          Roll     +    (no gloves)
Will    .....                    (no barding)
Stlth   ++                       (no amulet)
HPRegen 0.22/turn                (no ring)
MPRegen 0.09/turn                (no ring)

@: no status effects
A: large, rugged brown scales 3, deformed body, armoured tail, roll, long
tongue, awkward tongue
a: no special abilities


You were on level 1 of the Dungeon.
You visited 1 branch of the dungeon, and saw 1 of its levels.

Inventory:

Hand Weapons
 a - a +0 dagger (weapon)
Armour
 b - a +0 robe (worn)
 c - a +0 hat (worn)
Potions
 d - a potion of magic


   Skills:
 + Level 1.4 Dodging
 + Level 2.2 Stealth
 + Level 2.6 Spellcasting
 + Level 0.9 Conjurations
 + Level 0.7 Summonings
 + Level 1.0 Translocations


You had 4 spell levels left.
You knew the following spells:

 Your Spells              Type           Power      Damage    Failure   Level
z - Magic Dart            Conj           16%        1d3       16%         1

Your spell library contained the following spells:

 Spells                   Type           Power      Damage    Failure   Level
 Slow                     Hex            4%         N/A       22%         1
 Blink                    Tloc           8%         N/A       22%         2
 Call Imp                 Summ           4%         N/A       24%         2
 Cigotuvi's Dreadful Rot  Necr/Pois/Air  2%         N/A       32%         2
 Mephitic Cloud           Conj/Pois/Air  2%         N/A       52%         3


Dungeon Overview and Level Annotations

Branches:
Dungeon (1/15)

Altars:


Innate Abilities, Weirdness & Mutations

You are completely covered in rugged brown scales. (AC +3, +7% HP)
Armour fits poorly on your strangely shaped body.
You have a long armoured tail.
You roll when moving toward enemies. (Rampage)
Your long tongue fully drains potion bottles. (2x potion effects)
Your tongue gives you trouble enunciating. (1.5x scroll delay)


Message History

Casting: Magic Dart (safe; 16% risk of failure)
Confirm with . or Enter, or press ? or * to list all spells.
Okay, then.
The bat misses you.
Casting: Magic Dart (safe; 16% risk of failure)
Confirm with . or Enter, or press ? or * to list all spells.
You don't know that spell.
The bat hits you but does no damage.
Casting: Magic Dart (safe; 16% risk of failure)
Confirm with . or Enter, or press ? or * to list all spells.
Aiming: Magic Dart (safe; 16% risk of failure)
Press: ? - help, Shift-Dir - straight line, f/p - bat
Aim: a bat (100% to hit)
The magic dart hits the bat but does no damage.
The bat barely misses you.
Casting: Magic Dart (safe; 16% risk of failure)
Confirm with . or Enter, or press ? or * to list all spells.
Aiming: Magic Dart (safe; 16% risk of failure)
Press: ? - help, Shift-Dir - straight line, f/p - bat
Aim: a bat (100% to hit)
The magic dart hits the bat.
The bat is moderately wounded.
* * * LOW MAGIC WARNING * * *
The bat hits you.
You roll towards the bat!
You closely miss the bat. You tail-slap the bat.
You kill the bat!
Your magical contamination has completely faded away.
You start resting.
HP restored.
You start resting.
Magic restored.
A dart slug comes into view.
A dart slug is nearby!
Casting: Magic Dart (safe; 16% risk of failure)
Confirm with . or Enter, or press ? or * to list all spells.
Aiming: Magic Dart (safe; 16% risk of failure)
Press: ? - help, Shift-Dir - straight line You can't see that place.
Okay, then.
Are you sure you want to abandon this character and quit the game? (Confirm with "yes".)

♣⚶ ♣... ♣♣.b♣ ♣
♣♣..♣ .. ♣.♣ .♣
♣.♣ ♣♣.♣ ♣.♣♣
♣♣♣.w ♣..♣ ♣..♣
♣♣.♣♣ ♣H♣♣
♣♣..♣♣ ♣♣.♣♣
♣♣♣..♣.♣ ♣♣.♣
♣......♣ ♣♣.♣♣
♣♣..<..♣♣♣♣♣.♣.♣
♣♣...⚶..♣....♣♣
♣♣♣♣♣♣⚶.♣⚶♣♣♣
♣♣♣♣♣♣


You could see a dart slug (asleep).

Vanquished Creatures
  A bat (D:1)
1 creature vanquished.

Notes
Turn   | Place    | Note
-------+----------+-------------------------------------------
     0 | D:1      | utis the Armataur Hedge Wizard began the quest for the Orb.
     0 | D:1      | Reached XP level 1. HP: 14/14 MP: 4/4
    65 | D:1      | Quit the game

Illustrated notes

Levels and vault maps discovered:
D:1:      kilobyte_arrival_exit_the_forest, layout_rooms,
          hellmonk_ecumenical_altar_run_dry, amethyst_killhole

Action                   || total
-------------------------++-------
Melee: Dagger            ||     3
       Tailslap          ||     1
 Cast: Magic Dart        ||     2
Armor: Robe              ||     6
Dodge: Dodged            ||     3

Table legend: (Time is in decaauts)
 A = Elapsed time spent in this place.
 B = Non-inter-level travel time spent in this place.
 C = Inter-level travel time spent in this place.
 D = Time resting spent in this place.
 E = Time spent auto-exploring this place.
 F = Levels seen in this place.
 G = Mean time per level.
                   A        B        C        D        E       F      G
               +--------+--------+--------+--------+--------+-----+--------+
         Total |     65 |     65 |      0 |     27 |     12 |   1 |   65.0 |
       Dungeon |     65 |     65 |      0 |     27 |     12 |   1 |   65.0 |
               +--------+--------+--------+--------+--------+-----+--------+

Top non-repeatable levels by time:
     D:1: 65 daAuts
